 Dungeon Crawl Stone Soup version 0.21.1-1-g345015f (webtiles) character file.

4 tidbits the Insei (level 1, -1/17 HPs)
             Began as a Gnoll Transmuter on Feb 19, 2018.
             Slain by an orc
             ... wielding a +0 club
              (2 damage)
             ... on level 3 of the Dungeon.
             The game lasted 00:01:02 (90 turns).

tidbits the Insei (Gnoll Transmuter)                  Turns: 90, Time: 00:01:03

Health: -1/17      AC:  2    Str: 12    XL:     1   Next: 70%
Magic:  5/6        EV: 14    Int: 15    God:
Gold:   17         SH:  0    Dex: 15    Spells: 8/9 levels left

rFire    . . .     SeeInvis .   g - +1 dagger (venom)
rCold    . . .     Gourm    .   (no shield)
rNeg     . . .     Faith    .   b - +0 robe
rPois    .         Spirit   .   (no helmet)
rElec    .         Reflect  .   (no cloak)
rCorr    .         Harm     .   (no gloves)
MR       .....                  (no boots)
Stlth    +.........             (no amulet)
HPRegen  0.05/turn              (no ring)
MPRegen  0.10/turn              (no ring)

@: appendage
A: distributed training, fangs 1, horns 2, strong nose
a: End Transformation


You were on level 3 of the Dungeon.
You were not hungry.
You had grown temporary horns.
You visited 1 branch of the dungeon, and saw 4 of its levels.

You collected 17 gold pieces.

Inventory:

Hand Weapons
 e - a +2 hunting sling of freezing
   (You took it off a goblin on level 2 of the Dungeon)
 g - a +1 dagger of venom (weapon)
   (You took it off a goblin on level 3 of the Dungeon)
Missiles
 a - 12 arrows
 f - 26 stones (quivered)
Armour
 b - a +0 robe (worn)
Books
 c - a book of Changes

   Spells                             Type                      Level
   a - Beastly Appendage              Transmutation                1
   b - Sticks to Snakes               Transmutation                2
   c - Spider Form                    Transmutation/Poison         3
   d - Ice Form                       Ice/Transmutation            4
   e - Blade Hands                    Transmutation                5
Comestibles
 d - a ration


   Skills:
 + Level 2.4 Fighting
 + Level 0.1 Short Blades
 + Level 0.1 Long Blades
 + Level 0.1 Axes
 + Level 0.1 Maces & Flails
 + Level 0.1 Polearms
 + Level 0.1 Staves
 + Level 0.1 Slings
 + Level 0.1 Bows
 + Level 0.1 Crossbows
 + Level 0.1 Throwing
 + Level 0.1 Armour
 + Level 4.4 Dodging
 + Level 0.1 Stealth
 + Level 0.1 Shields
 + Level 6.4 Unarmed Combat
 + Level 4.9 Spellcasting
 + Level 0.1 Conjurations
 + Level 0.1 Hexes
 + Level 0.1 Charms
 + Level 0.1 Summonings
 + Level 0.1 Necromancy
 + Level 0.1 Translocations
 + Level 3.6 Transmutations
 + Level 0.1 Fire Magic
 + Level 0.1 Ice Magic
 + Level 0.1 Air Magic
 + Level 0.1 Earth Magic
 + Level 0.1 Poison Magic
 + Level 0.2 Invocations
 + Level 0.1 Evocations


You had 8 spell levels left.
You knew the following spells:

 Your Spells              Type           Power        Failure   Level  Hunger
e - Beastly Appendage     Tmut           ##....       3%          1    None


Dungeon Overview and Level Annotations

Branches:
Dungeon (4/15)
 Temple: D:4-7

Altars:


Innate Abilities, Weirdness & Mutations

Your experience applies equally to all skills.
You have very sharp teeth.
Your uncanny sense of smell can sniff out nearby items.
You have a pair of horns on your head.


Message History

Welcome, tidbits the Gnoll Transmuter.
The bosom of this dungeon contains the fabled artefact, the Orb of Zot.
Press ? for a list of commands and other information.
Found a staircase leading out of the dungeon.
You enter the shallow water.
Moving in this stuff is going to be slow.
Found a leather armour.
Found an escape hatch in the floor.
There is an escape hatch in the floor here.
You slide downwards.
The hatch slams shut behind you.
Unknown command.
A quokka comes into view.
A rat comes into view.
A goblin comes into view. It is wielding a club.
The goblin unwields an uncursed club.
The goblin wields a glowing hunting sling.
It is covered in frost.
The goblin shoots a stone.
The stone hits you. The stone freezes you.
A kobold comes into view. It is wielding a whip.
You see here a stone.
Casting: Beastly Appendage
Confirm with . or Enter, or press ? or * to list all spells.
Your feet morph into talons.
You hit the quokka.
You kill the quokka!
The goblin unwields an uncursed hunting sling of freezing.
The goblin wields an uncursed club.
The goblin barely misses you.
You see here a quokka corpse.
You punch the goblin!
You kill the goblin!
Items here: ( )) † an uncursed club; an uncursed hunting sling of freezing; 26 stones a goblin corpse
e - an uncursed hunting sling of freezing
f - 26 stones You see here a stone.
Casting: Beastly Appendage
Confirm with . or Enter, or press ? or * to list all spells.
You extend your transformation's duration.
You barely miss the rat. Your kick misses the rat.
You bite the rat, but do no damage. The rat bites you.
You barely miss the rat. You punch the rat!
You kill the rat!
You see here a rat corpse.
A kobold comes into view. It is wielding a short sword.
Found a stone staircase leading down.
There is a stone staircase leading down here.
You climb downwards.
There is a stone staircase leading up here.
Unknown command.
A hobgoblin comes into view. It is wielding a club.
A goblin comes into view. It is wielding a dagger of venom.
Found a stone staircase leading down.
Casting: Beastly Appendage
Confirm with . or Enter, or press ? or * to list all spells.
You extend your transformation's duration.
You hit the goblin.
You kill the goblin!
You see here a dagger of venom.
g - a dagger of venom Wield which item (- for none, * to show all)? (? for menu, Esc to quit)
Your +1 dagger of venom begins to drip with poison!
g - a +1 dagger of venom (weapon)
Found 17 gold pieces. 3 orcs and an orc wizard come into view.
The orc shouts!
The orc picks up a scroll labeled GIBAIB ZEFILL.
You see here 17 gold pieces.
You now have 17 gold pieces.
The orc wizard shouts!
An orc comes into view. It is wielding a whip.
Your transformation is almost over.
Unknown command.
Your talons disappear.
There is a stone staircase leading down here.
You climb downwards.
A leopard gecko, an orc, an orc priest and an orc wizard come into view.
The orc shouts!
The orc wizard shouts!
The orc priest shouts!
There is a stone staircase leading up here.
Unknown command.
Casting: Beastly Appendage
Confirm with . or Enter, or press ? or * to list all spells.
You grow a pair of large bovine horns.
The orc wizard looks satisfied for a moment.
Casting: Beastly Appendage
Confirm with . or Enter, or press ? or * to list all spells.
You don't know that spell.
The orc priest closely misses you.
You climb upwards.
The orc misses you. The orc hits you with a club.
* * * LOW HITPOINT WARNING * * *
There is a stone staircase leading down here.
Unknown command.
You closely miss the orc priest. The orc hits you with a flail!
* * * LOW HITPOINT WARNING * * *
The orc priest barely misses you.
You barely miss the orc priest. The orc hits you with a club.
You die...

## .# .# ∆ .# .#
##.## #...#### ####
#<..##@###.....
#g######...#ooo....#
#.......###..o....##
########.#.##.#####
##.# #.# #.# #.#
#.###o## #.##...####
# #...........


You could see an orc priest, an orc wizard and 3 orcs.

Vanquished Creatures
  2 goblins
  A quokka (D:2)
  A rat (D:2)
4 creatures vanquished.

Notes
Turn   | Place    | Note
-------+----------+-------------------------------------------
     0 | D:1      | tidbits the Gnoll Transmuter began the quest for the Orb.
     0 | D:1      | Reached XP level 1. HP: 17/17 MP: 6/6
    68 | D:3      | Noticed an orc wizard
    83 | D:4      | Noticed an orc wizard
    83 | D:4      | Noticed an orc priest
    89 | D:3      | HP: 1/17 [orc/flail (7)]
    90 | D:3      | Slain by an orc

Action                   || total
-------------------------++-------
Melee: Unarmed           ||     6
       Dagger            ||     2
       Bite              ||     1
 Cast: Beastly Appendage ||     4
Dodge: Dodged            ||     4

Table legend:
 A = Turns spent in this place as a percentage of turns spent in the entire game.
 B = Non-inter-level travel turns spent in this place as a percentage of non-inter-level travel turns spent in the entire game.
 C = Inter-level travel turns spent in this place as a percentage of turns spent in this place.
 D = Turns resting spent in this place as a percentage of non-inter-level travel turns spent in this place.
 E = Turns spent auto-exploring this place as a percentage of non-inter-level travel turns spent in this place.
 F = Non-inter-level travel turns spent in this place divided by the number of levels of this place that you've seen.
                   A       B       C       D       E      F
               +-------+-------+-------+-------+-------+----------------------
         Total | 100.0 | 100.0 |   0.0 |   0.0 |   0.0 |  22.5
       Dungeon | 100.0 | 100.0 |   0.0 |   0.0 |   0.0 |  22.5
               +-------+-------+-------+-------+-------+----------------------

Table legend:
 A = Kills in this place as a percentage of kills in entire the game.
 B = Kills by you in this place as a percentage of kills by you in the entire game.
 C = Kills by friends in this place as a percentage of kills by friends in the entire game.
 D = Other kills in this place as a percentage of other kills in the entire game.
 E = Experience gained in this place as a percentage of experience gained in the entire game.
 F = Experience gained in this place divided by the number of levels of this place that you have seen.
                   A       B       C       D       E      F
               +-------+-------+-------+-------+-------+----------------------
         Total | 100.0 | 100.0 |   N/A |   N/A | 100.0 |   1.8
       Dungeon | 100.0 | 100.0 |   N/A |   N/A | 100.0 |   1.8
               +-------+-------+-------+-------+-------+----------------------

Vault maps used:
D:1:      zaba_arrival_water
D:2:      first_ration
D:3:      grunt_temple_overflow_open, uniq_ijyb, uniq_natasha
D:4:      serial_shops, shop
